 Dungeon Crawl Stone Soup version 0.21-a0-538-gd16b88a (webtiles) character file.

45 tof the Poker (level 3, -2/28 HPs)
             Began as a Demonspawn Gladiator on Dec 15, 2017.
             Slain by Terence
             ... wielding a +2 flail of protection
              (4 damage)
             ... on level 2 of the Dungeon.
             The game lasted 00:02:26 (1865 turns).

tof the Poker (Demonspawn Gladiator)                Turns: 1865, Time: 00:02:26

Health: -2/28      AC:  6    Str: 14    XL:     3   Next: 42%
Magic:  3/3        EV: 11    Int:  9    God:
Gold:   84         SH:  0    Dex: 15    Spells: 2/2 levels left

rFire    . . .     SeeInvis .   a - +0 trident
rCold    . . .     Gourm    .   (no shield)
rNeg     . . .     Faith    .   g - +0 ring mail (curse)
rPois    .         Spirit   .   (helmet restricted)
rElec    .         Reflect  .   (no cloak)
rCorr    .         Harm     .   h - +0 pair of gloves
MR       .....                  (no boots)
Stlth    +.........             (no amulet)
HPRegen  0.09/turn              (no ring)
MPRegen  0.08/turn              (no ring)

@: drained
A: antennae 1
a: no special abilities


You were on level 2 of the Dungeon.
You were not hungry.

You visited 1 branch of the dungeon, and saw 2 of its levels.

You collected 84 gold pieces.

Inventory:

Hand Weapons
 a - a +0 trident (weapon)
Missiles
 d - 3 throwing nets (quivered)
Armour
 g - a cursed +0 ring mail (worn)
 h - a +0 pair of gloves (worn)
Potions
 e - a potion of brilliance {unknown}
Comestibles
 b - 2 chunks of flesh
 f - a bread ration


   Skills:
 + Level 2.5(2.1) Fighting
 * Level 3.4(3.0) Polearms
 - Level 1.7(1.4) Throwing
 + Level 1.2(0.8) Armour
 - Level 2.6(2.3) Dodging


You had 2 spell levels left.
You didn't know any spells.

Dungeon Overview and Level Annotations

Branches:
Dungeon (2/15)

Altars:

Annotations:
D:2 Terence


Innate Abilities, Weirdness & Mutations

You have a pair of small antennae on your head.


Message History

Terence is lightly wounded.
Terence hits you but does no damage.
You hit Terence but do no damage.
Terence is lightly wounded.
Terence hits you with a flail of protection.
* * * LOW HITPOINT WARNING * * *
You hit Terence.
Terence is moderately wounded.
Terence hits you with a flail of protection.
* * * LOW HITPOINT WARNING * * *
Your ring mail prevents you from hitting Terence.
Terence is moderately wounded.
Terence barely misses you.
You hit Terence.
Terence is heavily wounded.
Terence barely misses you.
You hit Terence.
Terence is almost dead.
Terence hits you with a flail of protection.
You die...

#. ### #. ..
##.# #.# .# #@.#
#####.##.####@##
.....#..#<..K#
#.....##..###
.###...#....##
#........##.#
.##.#..###.# #
#.....##..#
##.##...#.##.##


You could see Terence and a kobold.

Vanquished Creatures
  An adder (D:2)
  An ooze (D:1)
  A leopard gecko (D:1)
  3 goblins
  6 hobgoblins
  4 kobolds
  5 bats (D:1)
  5 frilled lizards
  4 rats
30 creatures vanquished.

Notes
Turn   | Place    | Note
-------+----------+-------------------------------------------
     0 | D:1      | tof the Demonspawn Gladiator began the quest for the Orb.
     0 | D:1      | Reached XP level 1. HP: 16/16 MP: 1/1
   390 | D:1      | Reached skill level 3 in Polearms
   390 | D:1      | Gained mutation: You have a pair of small antennae on your head. [demonic ancestry]
   390 | D:1      | Reached XP level 2. HP: 22/22 MP: 2/2
   961 | D:1      | Reached skill level 1 in Armour
   961 | D:1      | Reached XP level 3. HP: 17/28 MP: 3/3
  1772 | D:2      | Noticed Terence
  1865 | D:2      | Slain by Terence

Vault maps used:
D:1:      scummos_arrival_gate
D:2:      minitemple, kennysheep_boxes, uniq_natasha, uniq_terence

Skill      XL: |  1  2 |
---------------+-------+-----
Polearms       | 3 |  3.4
Armour         | 1 |  1.2
Fighting       | |  2.5
Throwing       | |  1.7
Dodging        | |  2.6

Action                   || total
-------------------------++-------
Melee: Trident           ||   139
 Stab: Sleeping          ||     2
  Eat: Chunk             ||     3
Armor: Leather armour    ||    18
       Ring mail         ||    16
Dodge: Dodged            ||    81

Table legend:
 A = Spawn XP
 B = Non-spawn XP
 C = Spawn XP percentage of total XP
 D = Spawn monster count
 E = Non-spawn monster count
 F = Spawn count percentage of total count
 G = Total turns spent on level
                    A         B        C        D         E        F      G
               +---------+---------+-------+---------+---------+-------+---------
         Total |       0 |      65 |   0.0 |       0 |      30 |   0.0 |  1865
               +---------+---------+-------+---------+---------+-------+---------
           D:1 |       0 |      44 |   0.0 |       0 |      23 |   0.0 |  1473
           D:2 |       0 |      21 |   0.0 |       0 |       7 |   0.0 |   392
               +---------+---------+-------+---------+---------+-------+---------
